 Dungeon Crawl Stone Soup version 0.23-a0-373-g305c090 (webtiles) character file.

581 Gildeon the Ducker (level 7, 0/35 HPs)
             Began as a Spriggan Fighter on Oct 25, 2018.
             Was a Believer of Okawaru.
             Slain by a jelly (2 damage)
             ... on level 6 of the Dungeon.
             The game lasted 00:14:47 (3678 turns).

Gildeon the Ducker (Spriggan Fighter)               Turns: 3678, Time: 00:14:48

Health: 0/35       AC: -6    Str: 13    XL:     7   Next: 13%
Magic:  9/9        EV: 22    Int: 10    God:    Okawaru [**....]
Gold:   202        SH:  7    Dex: 20    Spells: 6/6 levels left

rFire    . . .     SeeInvis +   a - +0 rapier
rCold    . . .     Gourm    .   c - +0 buckler
rNeg     . . .     Faith    .   n - +2 robe {MR+}
rPois    .         Spirit   .   e - +1 hat
rElec    .         Reflect  .   (no cloak)
rCorr    .         Harm     .   (gloves unavailable)
MR       ++...                  (boots unavailable)
Stlth    +++.......             (no amulet)
HPRegen  0.11/turn              r - +4 ring of dexterity
MPRegen  0.11/turn              (no ring)

@: corroded, very quick
A: very small, unfitting armour, see invisible, herbivore, speed 3, slow
metabolism 2
a: Heroism, Renounce Religion


You were on level 6 of the Dungeon.
You worshipped Okawaru.
Okawaru was pleased with you.
You were not hungry.

You visited 1 branch of the dungeon, and saw 6 of its levels.

You collected 202 gold pieces.

Inventory:

Hand Weapons
 a - a +0 rapier (weapon)
Armour
 c - a +0 buckler (worn)
 e - a +1 hat (worn)
 n - a +2 robe of magic resistance (worn)
 p - a +1 robe of cold resistance
Jewellery
 r - a +4 ring of dexterity (left hand)
Scrolls
 b - a scroll of remove curse
 g - 2 scrolls of fear
 l - 2 scrolls of teleportation
Potions
 d - a potion of might
 i - a potion of agility
 m - a potion of flight {unknown}
 o - a potion of resistance {unknown}
 q - a potion of mutation {unknown}
Comestibles
 f - 12 rations


   Skills:
 - Level 2.4 Fighting
 + Level 4.5 Short Blades
 - Level 1.0 Armour
 + Level 6.3 Dodging
 + Level 5.5 Stealth
 + Level 3.5 Shields
 + Level 1.7 Invocations


You had 6 spell levels left.
You didn't know any spells.
Your spell library was empty.

Dungeon Overview and Level Annotations

Branches:
Dungeon (6/15)             Temple (0/1) D:5

Altars:
Okawaru

Shops:
D:5 [

Annotations:
D:4 Blork the orc, Sigmund


Innate Abilities, Weirdness & Mutations

You are very small and have problems with some larger weapons.
You are too small for most types of armour.
You have supernaturally acute eyesight. (SInv)
You are a herbivore.
You cover ground extremely quickly.
You need to consume almost no food.


Message History

* * * LOW HITPOINT WARNING * * *
The jelly is severely wounded.
The jelly misses you.
You hit the jelly but do no damage.
Your hands burn!
* * * LOW HITPOINT WARNING * * *
The jelly is severely wounded.
The jelly completely misses you.
You feel better. The jelly barely misses you.
You hit the jelly but do no damage.
Your hands burn!
* * * LOW HITPOINT WARNING * * *
The jelly is severely wounded.
The jelly barely misses you.
You barely miss the jelly.
The jelly is severely wounded.
The jelly closely misses you.
You hit the jelly but do no damage. The acid corrodes you!
Your hands burn!
* * * LOW HITPOINT WARNING * * *
The jelly is severely wounded.
The jelly hits you.
You die...

#...... ...... #.# ##
###.. # ..## #.. ##.
##. #.. ##.# #. #..#
#.# ..# #. ###...#
##.# #.# ##.
.......###..# #.####..
#J@....# #..#....
###....## ##.......
##......###..##....
#........#..####...
#..>.......## ##..
.......###.## ##.
........# ##.## #.
.##.....####.#.######.
###.### #.##..#.....


You could see a jelly.

Vanquished Creatures
  A phantom (D:4)
  A water moccasin skeleton (D:5)
  2 howler monkeys
  A crimson imp (D:5)
  A jelly (D:6)
  An orc priest (D:5)
  A hound (D:4)
  A bullfrog skeleton (D:5)
  Jessica (D:3)
  An iguana (D:4)
  A worker ant (D:6)
  5 adders
  A shadow imp (D:5)
  An adder zombie (D:6)
  A worm (D:2)
  2 dart slugs
  5 leopard geckos
  7 orcs
  6 giant cockroaches
  5 goblins
  2 hobgoblins (D:1)
  5 jackals
  6 kobolds
  2 quokkas
  8 bats
  7 frilled lizards
  15 rats
90 creatures vanquished.

Notes
Turn   | Place    | Note
-------+----------+-------------------------------------------
     0 | D:1      | Gildeon the Spriggan Fighter began the quest for the Orb.
     0 | D:1      | Reached XP level 1. HP: 11/11 MP: 2/2
    38 | D:1      | Reached skill level 1 in Stealth
    45 | D:1      | Reached XP level 2. HP: 14/16 MP: 3/3
   296 | D:1      | Reached XP level 3. HP: 19/19 MP: 4/4
   579 | D:1      | Reached skill level 5 in Dodging
  1025 | D:2      | Reached XP level 4. HP: 23/23 MP: 5/5
  1155 | D:3      | Found an iron altar of Okawaru.
  1233 | D:3      | Became a worshipper of Warmaster Okawaru
  1624 | D:3      | Noticed Jessica
  1680 | D:3      | Killed Jessica
  1680 | D:3      | Reached skill level 1 in Armour
  1695 | D:3      | Found a faded altar of an unknown god.
  1976 | D:4      | Noticed Sigmund
  2005 | D:4      | Noticed a phantom
  2022 | D:4      | Reached XP level 5. HP: 25/27 MP: 6/6
  2126 | D:4      | Killed a phantom
  2126 | D:4      | Reached * piety under Okawaru
  2204 | D:4      | Reached XP level 6. HP: 13/32 MP: 7/7
  2441 | D:4      | Noticed Blork the orc
  2458 | D:5      | Entered Level 5 of the Dungeon
  2489 | D:5      | Found Zuci Keo's Armour Shop.
  2770 | D:6      | Reached skill level 1 in Invocations
  2778 | D:6      | Reached skill level 6 in Dodging
  2778 | D:6      | Reached skill level 5 in Stealth
  3113 | D:5      | Reached ** piety under Okawaru
  3177 | D:5      | Reached XP level 7. HP: 35/35 MP: 9/9
  3674 | D:6      | HP: 1/35 [acid (1)]
  3678 | D:6      | Slain by a jelly

Vault maps used:
D:1:      ncdulo_smallfort, minmay_rat_gold_closets
D:3:      first_ration, chequers_ecumenical_altar_island,
          okawaru_metal_pillars_3, uniq_jessica
D:4:      fedhas_altar_2, uniq_menkaure, uniq_sigmund, uniq_blork_the_orc
D:5:      kennysheep_mini, minmay_temple_entry_mist, serial_shops, shop,
          mrwooster_statue_mirror
D:6:      due_unseen_surprise

Skill      XL: |  1  2  3  4  5  6 |
---------------+-------------------+-----
Stealth        | 1 2 3 4 5 |  5.5
Dodging        | 5 6 |  6.3
Short Blades   | 3 4 |  4.5
Armour         | 1 |  1.0
Shields        | 3 |  3.5
Invocations    | 1 |  1.7
Fighting       | |  2.4

Action                   |  1- 3 |  4- 6 |  7- 9 || total
-------------------------+-------+-------+-------++-------
Melee: Rapier            |   122 |   267 |    42 ||   431
  Use: Scroll            |       |    10 |       ||    10
       Potion            |       |       |     1 ||     1
 Stab: Sleeping          |    13 |     1 |       ||    14
       Distracted        |     1 |       |       ||     1
  Eat: Ration            |       |     1 |       ||     1
Armor: Robe              |    13 |    25 |     3 ||    41
Dodge: Dodged            |    56 |   193 |    23 ||   272
Block: Buckler           |    24 |    89 |    12 ||   125

Table legend:
 A = Non-vault XP
 B = Vault XP
 C = Vault XP percentage of total XP
 D = Non-vault monster count
 E = Vault monster count
 F = Vault count percentage of total count
                 A         B        C        D         E       F
            +---------+---------+-------+---------+---------+-------
      Total |     784 |      46 |   5.5 |      80 |      10 |  11.1
            +---------+---------+-------+---------+---------+-------
        D:1 |      59 |       9 |  13.2 |      26 |       9 |  25.7
        D:2 |      47 |       0 |   0.0 |      20 |       0 |   0.0
        D:3 |      37 |      37 |  50.0 |      11 |       1 |   8.3
        D:4 |     252 |       0 |   0.0 |       7 |       0 |   0.0
        D:5 |     307 |       0 |   0.0 |      13 |       0 |   0.0
        D:6 |      82 |       0 |   0.0 |       3 |       0 |   0.0
            +---------+---------+-------+---------+---------+-------
